 Dungeon Crawl Stone Soup version 0.22.0-2-ge58baed (webtiles) character file.

3290 qdestroyer the Cleaver (level 9, -17/78 HPs)
             Began as a Minotaur Fighter on Aug 12, 2018.
             Was a Believer of Okawaru.
             Killed from afar by an ogre mage (31 damage)
             ... with a bolt of fire
             ... on level 7 of the Dungeon.
             The game lasted 00:14:20 (5689 turns).

qdestroyer the Cleaver (Minotaur Fighter)           Turns: 5689, Time: 00:14:21

Health: -17/78     AC:  9    Str: 25    XL:     9   Next: 69%
Magic:  8/8        EV:  8    Int:  5    God:    Okawaru [**....]
Gold:   147        SH: 17    Dex:  9    Spells: 8/8 levels left

rFire    . . .     SeeInvis .   x - +6 mace "Coohairgh" {crush, rPois MR+}
rCold    . . .     Gourm    .   t - +0 large shield
rNeg     . . .     Faith    .   b - +0 scale mail
rPois    +         Spirit   .   (helmet restricted)
rElec    .         Reflect  .   (no cloak)
rCorr    .         Harm     .   (no gloves)
MR       +....                  u - +0 pair of boots
Stlth    ..........             (no amulet)
HPRegen  0.23/turn              (no ring)
MPRegen  0.11/turn              (no ring)

@: no status effects
A: retaliatory headbutt, horns 2
a: Heroism, Renounce Religion


You were on level 7 of the Dungeon.
You worshipped Okawaru.
Okawaru was pleased with you.
You were very hungry.

You visited 2 branches of the dungeon, and saw 8 of its levels.
You also visited: Sewer.

You collected 290 gold pieces.
You spent 143 gold pieces at shops.

Inventory:

Hand Weapons
 x - the +6 mace "Coohairgh" (weapon) {crush, rPois MR+}
   (You found it on level 7 of the Dungeon)

   It inflicts extra damage upon your enemies.
   It protects you from poison.
   It affects your resistance to hostile enchantments.
Armour
 b - a +0 scale mail (worn)
 t - a +0 large shield (worn)
 u - a +0 pair of boots (worn)
Wands
 c - a wand of random effects (18)
 s - a wand of disintegration (11)
Scrolls
 e - 2 scrolls of identify
 g - 5 scrolls of remove curse
 n - a scroll of magic mapping {unknown}
 p - a scroll of amnesia
Potions
 d - 5 potions of might
 h - 9 potions of curing
 i - a potion of mutation
 j - a potion of haste
 k - a potion of lignification {unknown}
 l - a potion of berserk rage
 m - a potion of cancellation
 o - 9 potions of heal wounds
 q - 3 potions of flight {unknown}
 r - 3 potions of degeneration {unknown}
 v - 3 potions of brilliance {unknown}
 w - a potion of agility {unknown}
Comestibles
 f - 11 rations


   Skills:
 + Level 6.8 Fighting
   Level 8.6(9.5) Axes
 * Level 6.3(8.4) Maces & Flails
 + Level 8.0 Armour
 + Level 3.5 Dodging
 + Level 8.6 Shields
 + Level 0.4 Evocations


You had 8 spell levels left.
You didn't know any spells.
Your spell library was empty.

Dungeon Overview and Level Annotations

Branches:
Dungeon (7/15)             Temple (1/1) D:6

Altars:
Okawaru
Uskayaw
Vehumet
Xom
Zin
The Shining One
Beogh

Shops:
D:4 }   D:7 !


Innate Abilities, Weirdness & Mutations

You reflexively headbutt those who attack you in melee.
You have a pair of horns on your head.


Message History

The crimson imp hits you but does no damage.
You sock the crimson imp!
You kill the crimson imp!
Okawaru accepts your kill.
Your Armour skill increases to level 8!
You are feeling very hungry.
The ogre mage points at you and mumbles some strange words.
The bolt of fire hits the freed slave.
The bolt of fire hits you!
You are too injured to fight recklessly!
You are too injured to fight recklessly!
You are too injured to fight recklessly!
The freed slave hits the ogre mage.
The ogre mage gestures at you while chanting.
The bolt of fire hits you!
* * * LOW HITPOINT WARNING * * *
The freed slave hits the ogre mage.
You feel much better.
The freed slave hits the ogre mage!
The ogre mage casts a spell at you. The bolt of fire hits you!
You die...

#..........# #..........#
#..........# #..........#
#........p.######### #
##......>...#).....## ###
#######.......#.........## ##..
#..#..#....).............###...
#..#..#.......@.....p...†#....#
#..'..#.............<...).(...#
#..#..#........[O.......).....#
#..#..#.........p.............#
#####)#.......##..............#
#.÷.......##..........#....#
##...#######..........#....#
##### ............#.....
....>..<....#.#...


You could see an ogre mage and 3 neutral freed slaves.

Vanquished Creatures
  Pikel (D:7)
  Grinder (D:6)
  A hippogriff (D:7)
  A human (D:7)
  The ghost of Morgon the Chopper, an amateur CeWr (D:3)
  4 hogs (D:7)
  A hungry ghost (D:7)
  A phantom (D:7)
  2 ogres
  2 centaurs
  A big kobold (Sewer)
  3 scorpions (D:4)
  A bullfrog zombie (D:6)
  3 orc priests
  3 hounds
  2 crimson imps
  A bullfrog skeleton (D:5)
  A centaur zombie (D:6)
  A centaur skeleton (D:6)
  2 orc wizards
  4 worker ants
  A hound zombie (D:3)
  A worker ant zombie (D:6)
  4 gnolls (D:3)
  12 adders
  7 river rats (Sewer)
  4 oozes
  An adder zombie (D:6)
  2 worms
  2 dart slugs
  3 leopard geckos
  26 orcs
  8 ball pythons
  6 giant cockroaches
  7 goblins
  5 hobgoblins
  3 jackals (D:3)
  26 kobolds
  A quokka (D:4)
  12 bats
  6 frilled lizards
  A jackal skeleton (D:4)
  A jackal zombie (D:6)
  A leopard gecko skeleton (D:4)
  2 leopard gecko zombies
  25 rats
204 creatures vanquished.

Vanquished Creatures (others)
  A slave (D:7)
1 creature vanquished.

Grand Total: 205 creatures vanquished

Notes
Turn   | Place    | Note
-------+----------+-------------------------------------------
     0 | D:1      | qdestroyer the Minotaur Fighter began the quest for the Orb.
     0 | D:1      | Reached XP level 1. HP: 19/19 MP: 0/0
    55 | D:1      | Reached XP level 2. HP: 27/27 MP: 1/1
   251 | D:1      | Reached XP level 3. HP: 32/33 MP: 2/2
   852 | D:2      | Reached XP level 4. HP: 14/40 MP: 3/3
  1927 | D:3      | Reached XP level 5. HP: 43/46 MP: 4/4
  2160 | D:3      | Reached skill level 5 in Armour
  2166 | D:3      | Reached skill level 1 in Dodging
  2193 | D:3      | Reached XP level 6. HP: 26/53 MP: 5/5
  2442 | D:3      | Found a runed gate.
  2442 | D:3      | Found a runed gate.
  2445 | D:3      | Found a runed gate.
  2451 | D:3      | Found a roughly hewn altar of Beogh.
  2451 | D:3      | Noticed Morgon's ghost (amateur CeWr)
  2462 | D:3      | Reached skill level 5 in Axes
  2470 | D:3      | Reached skill level 5 in Shields
  2472 | D:3      | Got a smoking ring mail
  2482 | D:3      | Killed Morgon's ghost
  2543 | D:3      | Identified the cursed +0 ring mail "Leces" {rN+ Str+2 Dex+4} (You took it off an orc on level 3 of the Dungeon)
  2629 | D:4      | Reached skill level 5 in Fighting
  2857 | D:4      | Reached XP level 7. HP: 61/61 MP: 6/6
  2912 | D:4      | Found a glowing silver altar of Zin.
  3064 | D:4      | Found Quuhuega's Gadget Shop.
  3366 | D:5      | Entered Level 5 of the Dungeon
  3449 | D:5      | Found a hide-covered altar of Uskayaw.
  3986 | D:6      | Reached XP level 8. HP: 54/69 MP: 7/7
  4116 | D:6      | Found a radiant altar of Vehumet.
  4117 | D:6      | Noticed Grinder
  4139 | D:6      | Killed Grinder
  4170 | D:6      | Found a staircase to the Ecumenical Temple.
  4309 | D:6      | Found a glowing drain.
  4313 | Sewer    | Entered a sewer
  4816 | Temple   | Entered the Ecumenical Temple
  4838 | Temple   | Became a worshipper of Warmaster Okawaru
  5195 | D:7      | Got a dazzling mace
  5196 | D:7      | Identified the +6 mace "Coohairgh" {crush, rPois MR+} (You found it on level 7 of the Dungeon)
  5214 | D:7      | Found Wocvuell's Distillery.
  5217 | D:7      | Bought a potion of curing for 33 gold pieces
  5217 | D:7      | Bought a potion of heal wounds for 55 gold pieces
  5217 | D:7      | Bought a potion of heal wounds for 55 gold pieces
  5290 | D:7      | Reached skill level 1 in Maces & Flails
  5305 | D:7      | Reached XP level 9. HP: 58/75 MP: 8/8
  5346 | D:7      | Reached * piety under Okawaru
  5508 | D:7      | Reached skill level 5 in Maces & Flails
  5661 | D:7      | Noticed Pikel
  5673 | D:7      | Killed Pikel
  5673 | D:7      | Reached ** piety under Okawaru
  5680 | D:7      | Noticed an ogre mage
  5687 | D:7      | HP: 3/78 [ogre mage/bolt of fire (27)]
  5689 | D:7      | Killed from afar by an ogre mage

Skill      XL: |  1  2  3  4  5  6  7  8  9 |
---------------+----------------------------+-----
Armour         | 4 5 7 8 |  8.0
Shields        | 4 5 6 7 8 |  8.6
Fighting       | 4 5 6 |  6.8
Axes           | 3 4 5 7 8 |  8.6
Dodging        | 1 2 3 |  3.5
Maces & Flails | 1 6 |  6.3
Evocations     | |  0.4

Action                   |  1- 3 |  4- 6 |  7- 9 || total
-------------------------+-------+-------+-------++-------
Melee: War axe           |    95 |   155 |   215 ||   465
       Headbutt          |    11 |    29 |    39 ||    79
       Mace              |       |       |    70 ||    70
Evoke: Wand              |       |     5 |       ||     5
  Use: Scroll            |     3 |     6 |     1 ||    10
       Potion            |       |     1 |     1 ||     2
  Eat: Chunk             |       |     4 |     5 ||     9
       Ration            |       |     1 |     3 ||     4
Armor: Scale mail        |    35 |    56 |   101 ||   192
Dodge: Dodged            |    33 |    33 |    71 ||   137
Block: Shield            |    44 |    71 |       ||   115
       Large shield      |       |     6 |   296 ||   302
